MID
SOUTH BEND CUBS @ AUGUSTA GREENJACKETS
06/09/2045
 
TOP OF THE 1ST
South Bend Cubs batting - Pitching for Augusta GreenJackets : RHP Evan Boy
Pitching: RHP Evan Boy
Batting: RHB Mike Savage 0-0: Foul Ball, location: 2F
0-1: Called Strike
0-2: Ball
1-2: Ball
2-2: Strikes out swinging
Batting: RHB Puluke Konane 0-0: Called Strike
0-1: Swinging Strike
0-2: Ball
1-2: Strikes out looking
Batting: RHB Ryan Walker 0-0: Fly out, F7 (Flyball, 78S, EV 86.9 MPH)
Top of the 1st over - 0 runs, 0 hits, 0 errors, 0 left on base; South Bend 0 - Augusta 0
BOTTOM OF THE 1ST
Augusta GreenJackets batting - Pitching for South Bend Cubs : RHP Arnaldo Cardamenho
Pitching: RHP Arnaldo Cardamenho
Batting: LHB Tony Galvan 0-0: Foul Ball, location: 2F
0-1: Swinging Strike
0-2: Ball
1-2: Fly out, F8 (Line Drive, 8LD, EV 91.9 MPH)
Batting: RHB Jonathan Reece 0-0: Swinging Strike
0-1: Called Strike
0-2: Strikes out swinging
Batting: RHB Davey Beeson 0-0: Ball
1-0: Called Strike
1-1: Swinging Strike
1-2: Strikes out swinging
Bottom of the 1st over - 0 runs, 0 hits, 0 errors, 0 left on base; South Bend 0 - Augusta 0
TOP OF THE 2ND
South Bend Cubs batting - Pitching for Augusta GreenJackets : RHP Evan Boy
Batting: RHB Jonathan Sotelo 0-0: Ball
1-0: Ground out 6-3 (Groundball, 6, EV 108.8 MPH)
Batting: LHB Mark Huey 0-0: Ball
1-0: Foul Ball, location: 2F
1-1: Foul Ball, location: 2F
1-2: Ball
2-2: Ground out 4-3 (Groundball, 34D, EV 80.6 MPH)
Batting: RHB Khalil Stephens 0-0: Called Strike
0-1: Foul Ball, location: 2F
0-2: Ball
1-2: Strikes out looking
Top of the 2nd over - 0 runs, 0 hits, 0 errors, 0 left on base; South Bend 0 - Augusta 0
BOTTOM OF THE 2ND
Augusta GreenJackets batting - Pitching for South Bend Cubs : RHP Arnaldo Cardamenho
Batting: LHB Jared Paige 0-0: Ball
1-0: Called Strike
1-1: Ball
2-1: Swinging Strike
2-2: Foul Ball, location: 2F
2-2: Ball
3-2: Base on Balls
Batting: RHB Adam Solesbee 0-0: Ball
Jared Paige steals 2nd base
1-0: Ball
2-0: Fly out, F5 (Popup, 5SF, EV 79.4 MPH)
Batting: RHB Justin Baldwin 0-0: DOUBLE (Line Drive, 7LS, EV 99.4 MPH)
Jared Paige scores
Batting: RHB Omar Jordan 0-0: Ball
1-0: Ball
2-0: Ball
3-0: Base on Balls
Batting: RHB Gabe Ochoa 0-0: Fly out, F5 (Popup, 5, EV 71.9 MPH)
Batting: RHB Ryan Johnston 0-0: Ball
1-0: Ball
2-0: Ball
3-0: Called Strike
3-1: Foul Ball, location: 2F
3-2: Foul Ball, location: 2F
3-2: Foul Ball, location: 2F
3-2: SINGLE (Line Drive, 6MD, EV 102.5 MPH)
Justin Baldwin to third
Omar Jordan to second
Justin Baldwin scores
Omar Jordan to third
Batting: LHB Tony Galvan 0-0: Ball
1-0: Ball
2-0: 3-RUN HOME RUN (Flyball, 89XD, EV 110.6 MPH), Distance : 419 ft
Batting: RHB Jonathan Reece 0-0: Ball
1-0: Ball
2-0: Ball
3-0: Called Strike
3-1: Fly out, F7 (Flyball, 7S, EV 82.5 MPH)
Bottom of the 2nd over - 5 runs, 3 hits, 0 errors, 0 left on base; South Bend 0 - Augusta 5
TOP OF THE 3RD
South Bend Cubs batting - Pitching for Augusta GreenJackets : RHP Evan Boy
Batting: LHB Mark Ingram 0-0: Ball
1-0: Foul Ball, location: 2F
1-1: Ball
2-1: Foul Ball, location: 2F
2-2: Fly out, F7 (Flyball, 78S, EV 91.2 MPH)
Batting: RHB Denis Rachin 0-0: Fly out, F3 (Popup, 3SF, EV 76.2 MPH)
Batting: SHB Benoît Morin 0-0: Swinging Strike
0-1: Ball
1-1: Ball
2-1: Ball
3-1: Swinging Strike
3-2: Strikes out swinging
Top of the 3rd over - 0 runs, 0 hits, 0 errors, 0 left on base; South Bend 0 - Augusta 5
BOTTOM OF THE 3RD
Augusta GreenJackets batting - Pitching for South Bend Cubs : RHP Arnaldo Cardamenho
Batting: RHB Davey Beeson 0-0: Ball
1-0: Fly out, F5 (Line Drive, 5, EV 65.6 MPH)
Batting: LHB Jared Paige 0-0: Ball
1-0: Foul Ball, location: 2F
1-1: Foul Ball, location: 2F
1-2: Foul Ball, location: 2F
1-2: Strikes out swinging
Batting: RHB Adam Solesbee 0-0: Called Strike
0-1: Ball
1-1: Ball
2-1: Foul Ball, location: 2F
2-2: Foul Ball, location: 2F
2-2: Ball
3-2: Base on Balls
Pitching: RHP Jose Marrero
Batting: RHB Justin Baldwin 0-0: Ball
1-0: Ball
2-0: Ball
3-0: Base on Balls
Adam Solesbee to second
Batting: RHB Omar Jordan 0-0: Ball
1-0: Called Strike
1-1: Ball
2-1: Ball
3-1: Base on Balls
Adam Solesbee to third
Justin Baldwin to second
Batting: RHB Gabe Ochoa 0-0: Called Strike
0-1: Foul Ball, location: 2F
0-2: Fielders Choice at 2nd, 5-4 (Groundball, 5L, EV 77.5 MPH)
Bottom of the 3rd over - 0 runs, 0 hits, 0 errors, 3 left on base; South Bend 0 - Augusta 5
TOP OF THE 4TH
South Bend Cubs batting - Pitching for Augusta GreenJackets : RHP Evan Boy
Batting: RHB Mike Savage 0-0: Foul Ball, location: 2F
0-1: Ball
1-1: Foul Ball, location: 2F
1-2: DOUBLE (Line Drive, 89M, EV 101.9 MPH)
Batting: RHB Puluke Konane 0-0: Called Strike
0-1: Ball
1-1: Ball
2-1: Foul Ball, location: 2F
2-2: Ground out U3 (Groundball, 34, EV 105.6 MPH)
Mike Savage to third
Batting: RHB Ryan Walker 0-0: Ball
1-0: Called Strike
1-1: Ball
2-1: SINGLE (Line Drive, 4MD, EV 97.5 MPH)
Mike Savage scores
Batting: RHB Jonathan Sotelo 0-0: Ball
1-0: Fielders Choice at 2nd, 4-6 (Groundball, 4, EV 91.9 MPH)
Batting: LHB Mark Huey 0-0: Foul Ball, location: 2F
0-1: Swinging Strike
0-2: Foul Ball, location: 2F
0-2: Ball
1-2: Ball
2-2: Strikes out looking
Top of the 4th over - 1 run, 2 hits, 0 errors, 1 left on base; South Bend 1 - Augusta 5
BOTTOM OF THE 4TH
Augusta GreenJackets batting - Pitching for South Bend Cubs : RHP Jose Marrero
Batting: RHB Ryan Johnston 0-0: Fly out, F4 (Line Drive, 4, EV 63.1 MPH)
Batting: LHB Tony Galvan 0-0: Ball
1-0: Foul Ball, location: 2F
1-1: Ball
2-1: Foul Ball, location: 2F
2-2: Strikes out swinging
Batting: RHB Jonathan Reece 0-0: Ball
1-0: Ball
2-0: Called Strike
2-1: Foul Ball, location: 2F
2-2: DOUBLE (Line Drive, 5D, EV 97.5 MPH)
Batting: RHB Davey Beeson 0-0: Called Strike
0-1: Foul Ball, location: 2F
0-2: DOUBLE (Line Drive, 7LM, EV 98.1 MPH)
Jonathan Reece scores
Batting: LHB Jared Paige 0-0: Called Strike
0-1: Called Strike
0-2: Ball
1-2: DOUBLE (Line Drive, 7LD, EV 101.2 MPH)
Davey Beeson scores
Batting: RHB Adam Solesbee 0-0: Ball
1-0: Ball
2-0: Foul Ball, location: 2F
2-1: Ball
3-1: Base on Balls
Pitching: RHP Miles Edwards
Batting: RHB Justin Baldwin 0-0: Swinging Strike
0-1: Swinging Strike
0-2: Ball
Wild Pitch!
Jared Paige to third
Adam Solesbee to second
1-2: Foul Ball, location: 2F
1-2: Strikes out swinging
Bottom of the 4th over - 2 runs, 3 hits, 0 errors, 2 left on base; South Bend 1 - Augusta 7
TOP OF THE 5TH
South Bend Cubs batting - Pitching for Augusta GreenJackets : RHP Evan Boy
Batting: RHB Khalil Stephens 0-0: Ball
1-0: Ball
2-0: Ball
3-0: Called Strike
3-1: Ground out 5-3 (Groundball, 56, EV 87.5 MPH)
Batting: LHB Mark Ingram 0-0: Ball
1-0: Called Strike
1-1: DOUBLE (Flyball, 8RXD, EV 102.5 MPH)
Batting: RHB Denis Rachin 0-0: Ball
1-0: Called Strike
1-1: SINGLE (Groundball, 4MD, EV 107.5 MPH)
Mark Ingram to third
Batting: SHB Benoît Morin 0-0: Called Strike
0-1: Ball
1-1: Ball
2-1: Ball
3-1: Foul Ball, location: 2F
3-2: SINGLE (Groundball, 34D, EV 94.4 MPH)
Mark Ingram scores
Denis Rachin to second
Runner from 2nd tries for 3rd, SAFE, throw by RF made to third
Batting: RHB Mike Savage 0-0: Ball
1-0: Ball
2-0: Ball
3-0: Called Strike
3-1: Called Strike
3-2: Foul Ball, location: 2F
3-2: Fielders Choice at 2nd, 3-6 (Groundball, 23, EV 84.4 MPH)
Denis Rachin scores
Batting: RHB Puluke Konane 0-0: Reached on error, E5 (Groundball, 5, EV 95.0 MPH)
Mike Savage to second
Batting: RHB Ryan Walker 0-0: Ball
1-0: Called Strike
1-1: Swinging Strike
1-2: Strikes out swinging
Top of the 5th over - 2 runs, 3 hits, 1 error, 2 left on base; South Bend 3 - Augusta 7
BOTTOM OF THE 5TH
Augusta GreenJackets batting - Pitching for South Bend Cubs : RHP Miles Edwards
Batting: RHB Omar Jordan 0-0: Ball
1-0: Swinging Strike
1-1: Called Strike
1-2: Ball
2-2: Strikes out swinging
Batting: RHB Gabe Ochoa 0-0: Ball
1-0: Ball
2-0: Reached on error, E6 (Groundball, 6, EV 105.6 MPH)
Batting: RHB Ryan Johnston 0-0: Ball
1-0: Called Strike
1-1: Swinging Strike
1-2: Ground out 5-3 (Groundball, 5, EV 78.8 MPH)
Batting: LHB Tony Galvan 0-0: Called Strike
0-1: Foul Ball, location: 2F
0-2: Ball
1-2: Ground out 6-3 (Groundball, 6, EV 82.5 MPH)
Bottom of the 5th over - 0 runs, 0 hits, 1 error, 1 left on base; South Bend 3 - Augusta 7
TOP OF THE 6TH
South Bend Cubs batting - Pitching for Augusta GreenJackets : RHP Evan Boy
Batting: RHB Jonathan Sotelo 0-0: Swinging Strike
0-1: Ground out 5-3 (Groundball, 56S, EV 76.2 MPH)
Pitching: RHP Art Crouch
Batting: LHB Mark Huey 0-0: Called Strike
0-1: Foul Ball, location: 2F
0-2: Ball
1-2: Strikes out swinging
Batting: RHB Khalil Stephens 0-0: Fly out, F8 (Line Drive, 8LD, EV 106.9 MPH)
Top of the 6th over - 0 runs, 0 hits, 0 errors, 0 left on base; South Bend 3 - Augusta 7
BOTTOM OF THE 6TH
Augusta GreenJackets batting - Pitching for South Bend Cubs : RHP Miles Edwards
Batting: RHB Jonathan Reece 0-0: Ball
1-0: SINGLE (Flyball, 3D, EV 93.8 MPH)
Batting: RHB Davey Beeson 0-0: DOUBLE (Groundball, 5L, EV 100.6 MPH)
Jonathan Reece to third
Runner from 3rd tries for Home, SAFE, throw by LF to home
Batting: LHB Jared Paige 0-0: Called Strike
0-1: Swinging Strike
0-2: Strikes out swinging
Batting: RHB Adam Solesbee 0-0: Ball
1-0: Called Strike
1-1: Ball
2-1: Ball
3-1: Foul Ball, location: 2F
3-2: Foul Ball, location: 2F
3-2: Base on Balls
Pitching: RHP Josh Deyo
Batting: RHB Justin Baldwin 0-0: Ball
1-0: Ball
2-0: Ball
3-0: Base on Balls
Davey Beeson to third
Adam Solesbee to second
Batting: RHB Omar Jordan 0-0: Called Strike
0-1: Foul Ball, location: 2F
0-2: Foul Ball, location: 2F
0-2: Ball
1-2: Fly out, F8 (Flyball, 8RD, EV 107.5 MPH)
Runner from 3rd tags up, SCORES, throw by CF
Batting: RHB Gabe Ochoa 0-0: Ball
1-0: Fielders Choice at 2nd, 6-4 (Groundball, 6, EV 86.9 MPH)
Bottom of the 6th over - 2 runs, 2 hits, 0 errors, 2 left on base; South Bend 3 - Augusta 9
TOP OF THE 7TH
South Bend Cubs batting - Pitching for Augusta GreenJackets : RHP Art Crouch
Batting: LHB Mark Ingram 0-0: Ball
1-0: Foul Ball, location: 2F
1-1: Swinging Strike
1-2: Foul Ball, location: 2F
1-2: Strikes out looking
Batting: RHB Denis Rachin 0-0: Ball
1-0: Ground out 4-3 (Groundball, 6MD, EV 83.8 MPH)
Batting: SHB Benoît Morin 0-0: Ground out 4-3 (Groundball, 4S, EV 86.9 MPH)
Top of the 7th over - 0 runs, 0 hits, 0 errors, 0 left on base; South Bend 3 - Augusta 9
BOTTOM OF THE 7TH
Augusta GreenJackets batting - Pitching for South Bend Cubs : RHP Josh Deyo
Batting: RHB Ryan Johnston 0-0: Swinging Strike
0-1: Ball
1-1: Foul Ball, location: 2F
1-2: Ball
2-2: Ball
3-2: Fly out, F5 (Line Drive, 5, EV 70.6 MPH)
Batting: LHB Tony Galvan 0-0: Ball
1-0: Called Strike
1-1: Ground out 6-3 (Groundball, 4M, EV 85.0 MPH)
Batting: RHB Jonathan Reece 0-0: Ball
1-0: Swinging Strike
1-1: Ground out 6-3 (Groundball, 6, EV 101.2 MPH)
Bottom of the 7th over - 0 runs, 0 hits, 0 errors, 0 left on base; South Bend 3 - Augusta 9
TOP OF THE 8TH
South Bend Cubs batting - Pitching for Augusta GreenJackets : RHP Art Crouch
Batting: RHB Mike Savage 0-0: Swinging Strike
0-1: Swinging Strike
0-2: Ball
1-2: Ball
2-2: Strikes out swinging
Batting: RHB Puluke Konane 0-0: Ball
1-0: Ball
2-0: Called Strike
2-1: Foul Ball, location: 2F
2-2: Strikes out swinging
Batting: RHB Ryan Walker 0-0: Called Strike
0-1: Foul Ball, location: 2F
0-2: Ball
1-2: Foul Ball, location: 2F
1-2: Strikes out swinging
Top of the 8th over - 0 runs, 0 hits, 0 errors, 0 left on base; South Bend 3 - Augusta 9
BOTTOM OF THE 8TH
Augusta GreenJackets batting - Pitching for South Bend Cubs : RHP Josh Deyo
Batting: RHB Davey Beeson 0-0: Ball
1-0: Called Strike
1-1: Fly out, F5 (Flyball, 5D, EV 99.4 MPH)
Batting: LHB Jared Paige 0-0: Called Strike
0-1: Ball
1-1: Called Strike
1-2: Ball
2-2: Ball
3-2: Strikes out swinging
Batting: RHB Adam Solesbee 0-0: Ball
1-0: Ball
2-0: Called Strike
2-1: Foul Ball, location: 2F
2-2: SOLO HOME RUN (Line Drive, 9D, EV 108.1 MPH), Distance : 399 ft
Pitching: RHP Gavrel Godziashvili
Batting: RHB Justin Baldwin 0-0: Ball
1-0: Ground out 1-3 (Groundball, 13S, EV 76.2 MPH)
Bottom of the 8th over - 1 run, 1 hit, 0 errors, 0 left on base; South Bend 3 - Augusta 10
TOP OF THE 9TH
South Bend Cubs batting - Pitching for Augusta GreenJackets : RHP Art Crouch
Pitching: RHP Ignacio Gomez
Pinch Hitting: RHB Brad Santanello 0-0: Called Strike
0-1: Swinging Strike
0-2: Strikes out looking
Pinch Hitting: LHB Adam Conover 0-0: Foul Ball, location: 2F
0-1: Swinging Strike
0-2: Strikes out swinging
Pinch Hitting: SHB Gabriel Cruz 0-0: DOUBLE (Flyball, 78D, EV 100.6 MPH)
Pinch Hitting: LHB Shuan-yan Wu 0-0: Ball
1-0: Ball
2-0: Ball
3-0: Base on Balls
Batting: RHB Denis Rachin 0-0: Foul Ball, location: 2F
0-1: Ball
1-1: Foul Ball, location: 2F
1-2: Foul Ball, location: 2F
1-2: Strikes out looking
Top of the 9th over - 0 runs, 1 hit, 0 errors, 2 left on base; South Bend 3 - Augusta 10
Wednesday, June 22nd , 2022 - OOTP Baseball 23.4 Build 64